 Dungeon Crawl Stone Soup version 0.22-a0-782-g038298e (webtiles) character file.

720 Gaball the Digger (level 7, -2/55 HPs)
             Began as a Demigod Earth Elementalist on July 19, 2018.
             Killed from afar by Hebeh's ghost (29 damage)
             ... with an orb of energy
             ... on level 4 of the Dungeon.
             The game lasted 00:10:52 (3756 turns).

Gaball the Digger (Demigod Earth Elementalist)      Turns: 3756, Time: 00:10:53

Health: -2/55      AC:  5    Str: 11      XL:     7   Next: 19%
Magic:  13/17      EV: 12    Int: 23      God:
Gold:   171        SH:  0    Dex:  8 (16) Spells: 4/15 levels left

rFire    . . .     SeeInvis +   B - +1 hand axe (elec)
rCold    . . .     Gourm    .   (no shield)
rNeg     . . .     Faith    .   c - +0 robe
rPois    .         Spirit   .   f - +1 helmet
rElec    .         Reflect  .   u - +0 cloak
rCorr    .         Harm     .   (no gloves)
MR       .....                  (no boots)
Stlth    ++........             (no amulet)
HPRegen  0.18/turn              g - ring of see invisible
MPRegen  0.15/turn              (no ring)

@: no status effects
A: high mp 1
a: no special abilities


You were on level 4 of the Dungeon.
You were not hungry.

You visited 1 branch of the dungeon, and saw 4 of its levels.

You collected 171 gold pieces.

Inventory:

Hand Weapons
 l - a -3 dagger
 v - a +3 quarterstaff of chaos
 B - a +1 hand axe of electrocution (weapon)
Missiles
 b - 5 stones (quivered)
Armour
 c - a +0 robe (worn)
 f - a +1 helmet (worn)
 u - a +0 cloak (worn)
Jewellery
 g - a ring of see invisible (left hand)
 h - an uncursed amulet of faith
 E - a +5 ring of dexterity
Wands
 t - a wand of flame (32)
 w - a wand of disintegration (15)
 A - a wand of polymorph (9)
Scrolls
 e - a scroll of fog
 i - a scroll of identify
 j - a scroll of noise {unknown}
 m - a scroll of magic mapping {unknown}
 o - a scroll of enchant weapon {unknown}
 p - 4 scrolls of remove curse
 x - a scroll of enchant armour {unknown}
 y - 3 scrolls of teleportation {unknown}
 C - a scroll of fear {unknown}
Potions
 a - a potion of brilliance
 k - 2 potions of heal wounds
 n - 2 potions of ambrosia {unknown}
 q - 5 potions of curing
 r - a potion of invisibility {unknown}
 s - a potion of resistance {unknown}
 z - a potion of degeneration {unknown}
Comestibles
 d - 8 rations
 D - 3 chunks of flesh


   Skills:
 * Level 2.2 Fighting
 - Level 1.7 Dodging
 - Level 1.7 Stealth
 * Level 4.8 Spellcasting
 + Level 0.1 Conjurations
 + Level 0.8 Transmutations
 * Level 5.7 Earth Magic


You had 4 spell levels left.
You knew the following spells:

 Your Spells              Type           Power        Failure   Level  Hunger
a - Sandblast             Erth           ####..       1%          1    None
b - Stone Arrow           Conj/Erth      ###...       9%          3    ##.....
c - Lee's Rapid Deconstr  Erth           ####......   26%         5    #####..
d - Passwall              Tmut/Erth      ###.....     3%          2    None

Your spell library contained the following spells:

 Spells                   Type           Power        Failure   Level  Hunger
 Petrify                  Tmut/Erth      ###.....     26%         4    ####...


Dungeon Overview and Level Annotations

Branches:
Dungeon (4/15)             Temple (0/1) D:4

Shops:
D:2 *

Annotations:
D:4 1 transporter, Hebeh's ghost, novice DECj


Innate Abilities, Weirdness & Mutations

You have an increased reservoir of magic. (+10% MP)


Message History

The quasit claws you but does no damage.
You see here 4 gold pieces.
Hebeh's ghost gestures at you while chanting.
The magic dart hits you!
You see here a ring of dexterity.
E - a ring of dexterity The quasit bites you.
The quasit claws you but does no damage. x2
The quasit bites you.
You feel clumsy.
The quasit claws you but does no damage. x2
Hebeh's ghost points at you and mumbles some strange words.
The orb of energy hits you!
The orb of energy explodes!
The quasit bites you but does no damage.
The quasit claws you but does no damage.
The quasit barely misses you.
Hebeh's ghost points at you and mumbles some strange words.
The orb of energy hits you!
Ouch! That really hurt!
You die...

..............####...............
........####### ####............
........##...# #####..........##
........##...####..............##
<.......#......................##
........#.......#####............
........#.....###...###..........
####..........#©......##........)
...#..........#.@.#.#..#......##[
...#..........#...#.#..#......##.
...#.........##.#.55..##..##'###.
..........##.#.#..W#..#...##.# #.
###..........#...#©[.=#©..##.###.
..#.#'#....#.##.....#$#..###.#...
#.#.#.#......©#.#...#.##.# #.#.#.
#.#.#.#......##..##.#..#.# #.#.#.
..#.#.#......#...#...#.#.# #.#.##


You could see 2 quasits and Hebeh's ghost.

Vanquished Creatures
  Grinder (D:3)
  Sigmund (D:2)
  A scorpion (D:3)
  2 quasits (D:4)
  An orc wizard (D:4)
  Crazy Yiuf (D:2)
  A hound (D:4)
  An iguana (D:4)
  Jessica (D:3)
  Terence (D:3)
  2 adders
  An ooze (D:1)
  2 worms
  2 dart slugs
  2 leopard geckos (D:1)
  11 orcs
  A ball python (D:4)
  8 bats
  5 giant cockroaches
  5 goblins
  2 hobgoblins
  6 jackals
  7 kobolds
  2 quokkas
  5 frilled lizards
  7 rats
79 creatures vanquished.

Notes
Turn   | Place    | Note
-------+----------+-------------------------------------------
     0 | D:1      | Gaball the Demigod Earth Elementalist began the quest for the Orb.
     0 | D:1      | Reached XP level 1. HP: 14/14 MP: 5/5
   179 | D:1      | Reached skill level 3 in Earth Magic
   311 | D:1      | Reached XP level 2. HP: 20/20 MP: 4/7
   751 | D:2      | Reached XP level 3. HP: 26/26 MP: 5/9
   854 | D:2      | Found Zin's Purification Station.
   863 | D:2      | Found a glowing silver altar of Zin.
   919 | D:2      | Found a runed door.
  1138 | D:2      | Found a burning altar of Makhleb.
  1138 | D:2      | Noticed a blizzard demon
  1141 | D:2      | Noticed a ynoxinul
  1141 | D:2      | Noticed a ynoxinul
  1150 | D:2      | Noticed Sigmund
  1165 | D:2      | Learned a level 3 spell: Stone Arrow
  1181 | D:2      | HP: 1/27 [something (8)]
  1182 | D:2      | Killed Sigmund
  1182 | D:2      | Reached skill level 1 in Fighting
  1182 | D:2      | Reached skill level 4 in Earth Magic
  1182 | D:2      | Reached XP level 4. HP: 2/35 MP: 0/12
  1182 | D:2      | Reached XP level 5. HP: 2/40 MP: 0/13
  1792 | D:2      | Noticed Crazy Yiuf
  1795 | D:2      | Killed Crazy Yiuf
  1862 | D:3      | Noticed Grinder
  1868 | D:3      | Killed Grinder
  1868 | D:3      | Reached skill level 5 in Earth Magic
  1868 | D:3      | Reached XP level 6. HP: 46/48 MP: 5/15
  2115 | D:3      | Learned a level 5 spell: Lee's Rapid Deconstruction
  2118 | D:3      | Learned a level 2 spell: Passwall
  2397 | D:3      | Noticed Terence
  2404 | D:3      | Killed Terence
  2410 | D:3      | Found a hide-covered altar of Uskayaw.
  2413 | D:3      | Noticed a dagger
  2414 | D:3      | Noticed a hand axe
  2519 | D:3      | Noticed Jessica
  2524 | D:3      | Killed Jessica
  2844 | D:4      | Found a staircase to the Ecumenical Temple.
  2863 | D:4      | Found a transporter.
  2868 | D:4      | Found a transporter.
  2871 | D:4      | Noticed Hebeh's ghost (novice DECj)
  3106 | D:4      | Reached XP level 7. HP: 55/55 MP: 5/17
  3756 | D:4      | Killed from afar by Hebeh's ghost

Vault maps used:
D:1:      lordsloth_arrival_two_stooges
D:2:      zin_purify, makhleb_altar_promises_db, uniq_sigmund,
          uniq_crazy_yiuf_cottage
D:3:      dancing_weapons_uskayaw, uniq_terence, uniq_jessica, uniq_grinder
D:4:      minmay_temple_entry_junction, gammafunk_ghost_stat_death

Skill      XL: |  1  2  3  4  5  6 |
---------------+-------------------+-----
Earth Magic    | 3 4 5 |  5.7
Spellcasting   | 2 3 4 |  4.8
Fighting       | 1 2 |  2.2
Dodging        | |  1.7
Stealth        | |  1.7
Conjurations   | |  0.1
Transmutations | |  0.8

Action                   |  1- 3 |  4- 6 |  7- 9 || total
-------------------------+-------+-------+-------++-------
Melee: Dagger            |     4 |     4 |       ||     8
       Hand axe          |       |     7 |       ||     7
Throw: Stone             |     5 |       |       ||     5
 Cast: Sandblast         |    49 |    59 |    11 ||   119
       Stone Arrow       |     1 |     8 |     1 ||    10
  Use: Scroll            |       |     6 |       ||     6
  Eat: Chunk             |     1 |     6 |     3 ||    10
Armor: Robe              |     2 |     9 |    26 ||    37
Dodge: Dodged            |    16 |    25 |    31 ||    72

Table legend:
 A = Spawn XP
 B = Non-spawn XP
 C = Spawn XP percentage of total XP
 D = Spawn monster count
 E = Non-spawn monster count
 F = Spawn count percentage of total count
 G = Total turns spent on level
                    A         B        C        D         E        F      G
               +---------+---------+-------+---------+---------+-------+---------
         Total |       0 |    1029 |   0.0 |       0 |      79 |   0.0 |  3756
               +---------+---------+-------+---------+---------+-------+---------
           D:1 |       0 |      43 |   0.0 |       0 |      22 |   0.0 |   739
           D:2 |       0 |     307 |   0.0 |       0 |      19 |   0.0 |  1088
           D:3 |       0 |     436 |   0.0 |       0 |      22 |   0.0 |   905
           D:4 |       0 |     243 |   0.0 |       0 |      16 |   0.0 |  1024
               +---------+---------+-------+---------+---------+-------+---------
